 Dungeon Sprint DCSS version 0.23-a0-143-g1adec7b (webtiles) character file.

55685 Kidiri the Bludgeoner (level 14, -5/169 HPs)
             Began as a Troll Berserker on Sept 5, 2018.
             Was an Elder of Trog.
             Slain by an orc knight
             ... wielding a cursed -2 broad axe
              (37 damage)
             ... in the Dungeon (Sprint IX: "|||||||||||||||||||||||||||||").
             The game lasted 00:52:08 (3812 turns).

Kidiri the Bludgeoner (Troll Berserker)             Turns: 3812, Time: 00:52:09

Health: -5/169     AC: 17    Str: 31    XL:     14   Next: 39%
Magic:  18/18      EV: 15    Int:  6    God:    Trog [****..]
Gold:   1918       SH:  0    Dex: 10    Spells: 13/13 levels left

rFire    x . .     SeeInvis .   K - +5 giant spiked club of Joyful Slaughter {flame, rElec rF- rN+}
rCold    . . .     Gourm    +   (shield currently unavailable)
rNeg     + . .     Faith    .   J - +0 swamp dragon scales
rPois    +         Spirit   .   (helmet restricted)
rElec    +         Reflect  .   C - +0 cloak {+Inv}
rCorr    .         Harm     .   (gloves unavailable)
MR       +....     NoTele   +   (boots unavailable)
Stlth    ..........             (no amulet)
HPRegen  0.78/turn              m - +3 ring of intelligence
MPRegen  0.16/turn              n - +2 ring of protection

@: marked, berserk cooldown, very slightly contaminated, slowed, very slow
A: large, unfitting armour, claws 3, fast metabolism 3, gourmand, regeneration
1, shaggy fur 1, tough skin 2
a: Berserk, Trog's Hand, Brothers in Arms, Renounce Religion, Evoke Invisibility


You were in the Dungeon.
You worshipped Trog.
Trog was greatly pleased with you.
You were very hungry.

You visited 1 branch You collected 1918 gold pieces.

Inventory:

Hand Weapons
 o - the +2 dire flail of Watchfulness {freeze, rC- MP+9 Str-3 Dex+4}
   (You found it in the Dungeon)

   It has been specially enchanted to freeze those struck by it, causing extra
   injury to most foes and up to half again as much damage against particularly
   susceptible opponents.
   It can also slow down cold-blooded creatures.
   It affects your strength (-3).
   It affects your dexterity (+4).
   It makes you vulnerable to cold.
   It affects your magic capacity (+9).
 q - a +4 antimagic dire flail
 t - a +7 antimagic great mace
 v - the +2 giant club "Cypn" {crush, rF+ Str-3 Dex+2}
   (Trog gifted it to you in the Dungeon)

   It inflicts extra damage upon your enemies.
   It affects your strength (-3).
   It affects your dexterity (+2).
   It protects you from fire.
 x - a +5 antimagic giant spiked club
 F - the +10 giant club of Insomnia {crush, Dex+2}
   (Trog gifted it to you in the Dungeon)

   It inflicts extra damage upon your enemies.
   It affects your dexterity (+2).
 K - the +5 giant spiked club of Joyful Slaughter (weapon) {flame, rElec rF- rN+}
   (Trog gifted it to you in the Dungeon)

   It has been specially enchanted to burn those struck by it, causing extra
   injury to most foes and up to half again as much damage against particularly
   susceptible opponents.
   It makes you vulnerable to fire.
   It insulates you from electricity.
   It protects you from negative energy.
Missiles
 a - 4 large rocks (quivered)
 b - 7 javelins of penetration
 j - 5 needles of sleeping
 r - 16 curare-tipped needles
 w - 2 tomahawks of dispersal
 G - 5 javelins of returning
 H - 21 javelins
Armour
 u - +0 fire dragon scales
 C - a +0 cloak of invisibility (worn)
 I - +0 ice dragon scales
 J - +0 swamp dragon scales (worn)
Jewellery
 m - a +3 ring of intelligence (left claw)
 n - a +2 ring of protection (right claw)
 y - an uncursed ring of protection from magic
 z - a +4 ring of strength
 A - an uncursed ring of fire
 B - an uncursed ring of protection from magic
Wands
 l - a wand of iceblast (10)
Scrolls
 k - 5 scrolls of remove curse
 s - 4 scrolls of enchant weapon
 E - a scroll of fear
Potions
 d - 3 potions of curing
 e - a potion of invisibility
 f - a potion of haste
 g - 4 potions of magic
 h - a potion of berserk rage
 p - 4 potions of brilliance
 D - a potion of agility
Comestibles
 c - 12 rations


   Skills:
 * Level 18.0 Fighting
 * Level 19.3 Maces & Flails
 + Level 11.3 Throwing
 + Level 13.2 Armour
 + Level 13.5 Dodging
 + Level 7.7 Evocations


You had 13 spell levels left.
You didn't know any spells.
Your spell library was empty.

Dungeon Overview and Level Annotations

Branches:
Dungeon (1/1)

Altars:
Cheibriados
Dithmenos
Elyvilon
Fedhas
Gozag
Hepliaklqana
Kikubaaqudgha
Makhleb
Nemelex Xobeh
Okawaru
Qazlal
Ru
Sif Muna
Trog
Uskayaw
Vehumet
Wu Jian
Xom
Yredelemnul
Zin
The Shining One
Beogh
Jiyva
Lugonu

Shops:
D [}=(

Annotations:
D Sonja


Innate Abilities, Weirdness & Mutations

You are too large for most types of armour.
You have claws for hands.
Your metabolism is lightning-fast.
You like to eat raw meat.
Your natural rate of healing is unusually fast.
You are covered in fur. (AC +1)
You have very tough skin. (AC +2)


Message History

You close the door.
You start resting.
You hear two shouts!
You close the door.
An orc knight opens the door.
As you close the door, it creaks loudly!
An orc knight opens the door.
There's a creature in the doorway!
There's a creature in the doorway!
There's a creature in the doorway!
There's a creature in the doorway!
There's a creature in the doorway!
There's a creature in the doorway!
Unknown command.
Unknown command.
Your deep troll goes berserk!
You are feeling very hungry.
Trog will no longer gift you weapons.
Something hits your deep troll but does no damage.
The orc knight hits you with a broad axe!!!
You die...

▓▓▓▓▓▓▓▓▓▓▓▓▓▓▓▓▓▓▓▓▓▓▓▓▓▓▓▓▓▓▓▓▓
(...{.)().OC8.To@....(.).)).(.(..
▓▓▓▓▓▓▓▓▓▓▓▓▓▓▓▓▓▓▓▓▓▓▓▓▓▓▓▓▓▓▓▓.
.............)...................
♣♣♣♣♣♣♣♣▓▓▓▓▓▓▓▓▓▓▓▓▓▓▓▓▓▓▓▓▓▓▓▓▓
..†.†)††.......§.').(÷...........
♣♣♣♣♣♣♣♣▓▓▓▓▓▓▓▓▓▓▓▓▓▓▓▓▓▓▓▓▓▓▓▓)
.............).))................
▓▓▓▓▓▓▓▓▓▓▓▓▓▓▓▓▓▓▓▓▓▓▓▓▓▓▓▓▓▓▓▓▓
.[[.[[[[[.)))))))).....'.........


You could see a stone giant, an orc knight, a crystal guardian, an ogre mage and
a friendly deep troll (berserk).

Vanquished Creatures
  A sphinx (D)
  Frances (D)
  2 frost giants (D)
  An ironheart preserver (D)
  An iron dragon (D)
  A stone giant (D)
  An entropy weaver (D)
  An ettin (D)
  Snorg (D)
  2 fire dragons (D)
  A merfolk impaler (D)
  A rakshasa (D)
  A naga warrior (D)
  Harold (D)
  A merfolk avatar (D)
  2 hydras (D)
  5 ice dragons (D)
  A catoblepas (D)
  A ghost crab (D)
  6 two-headed ogres (D)
  4 death yaks (D)
  A tengu warrior (D)
  2 ogre magi (D)
  A deep troll earth mage (D)
  A spriggan berserker (D)
  Urug (D)
  A spriggan (D)
  A sea snake (D)
  A glowing orange brain (D)
  A swamp dragon (D)
  A wizard (D)
  A necromancer (D)
  3 orb spiders (D)
  2 manticores (D)
  An ugly thing (D)
  3 mana vipers (D)
  3 orc knights (D)
  An orc sorcerer (D)
  A salamander (D)
  A cyclops (D)
  2 vault sentinels (D)
  3 black mambas (D)
  A merfolk siren (D)
  Joseph (D)
  A torpor snail (D)
  A spiny frog (D)
  2 naga magi (D)
  A kobold demonologist (D)
  2 komodo dragons (D)
  A freezing wraith (D)
  2 yaktaurs (D)
  A demonic crawler (D)
  A troll (D)
  2 jumping spiders (D)
  A hornet (D)
  3 slime creatures (D)
  A blink frog (D)
  A tarantella (D)
  A basilisk (D)
  3 vampire mosquitoes (D)
  2 water moccasins (D)
  A floating eye (shapeshifter) (D)
  8 orc warriors (D)
  A boggart (D)
  8 ogres (D)
  2 centaurs (D)
  A crocodile (D)
  2 bullfrogs (D)
  A scorpion (D)
  A killer bee (D)
  An orc priest (D)
  A hound (D)
  3 orc wizards (D)
  An iguana (D)
  2 worker ants (D)
  2 dart slugs (D)
  An adder simulacrum (D)
  3 orcs (D)
  A bat (D)
  A bat zombie (D)
  A jackal (D)
  A quokka (D)
  A giant cockroach zombie (D)
  2 rats (D)
142 creatures vanquished.

Vanquished Creatures (collateral kills)
  A sphinx (D)
  An ironheart preserver (D)
  A merfolk javelineer (D)
  A fire dragon (D)
  A merfolk impaler (D)
  An ettin (D)
  A great orb of eyes (D)
  A satyr (D)
  A tengu warrior (D)
  An orc high priest (D)
  2 death yaks (D)
  A deep elf archer (D)
  An ironbrand convoker (D)
  A wolf spider (D)
  A vault sentinel (D)
  A yaktaur (D)
  A slime creature (D)
  A hippogriff (D)
  A yak (D)
  A water moccasin (D)
  A porcupine (D)
  An orc warrior (D)
  A boggart (D)
  2 bullfrogs (D)
  An orc priest (D)
  2 orc wizards (D)
  3 orcs (D)
32 creatures vanquished.

Vanquished Creatures (others)
  A hydra (D)
  A tyrant leech (D)
  A swamp drake (D)
3 creatures vanquished.

Grand Total: 177 creatures vanquished

Notes
Turn   | Place    | Note
-------+----------+-------------------------------------------
     0 | D        | Kidiri the Troll Berserker began the quest for the Orb.
     0 | D        | Reached XP level 1. HP: 22/22 MP: 0/0
     7 | D        | Reached skill level 3 in Maces & Flails
    12 | D        | Reached ** piety under Trog
    17 | D        | Reached skill level 1 in Armour
    17 | D        | Reached XP level 2. HP: 29/31 MP: 1/1
    34 | D        | Reached *** piety under Trog
    47 | D        | Reached skill level 4 in Maces & Flails
    47 | D        | Reached XP level 3. HP: 14/39 MP: 2/2
    94 | D        | Found a roughly hewn altar of Beogh.
    94 | D        | Found a snail-covered altar of Cheibriados.
    94 | D        | Found a shadowy altar of Dithmenos.
    94 | D        | Found a white marble altar of Elyvilon.
    94 | D        | Found a blossoming altar of Fedhas.
    94 | D        | Found an opulent altar of Gozag.
    95 | D        | Found a hazy altar of Hepliaklqana.
    96 | D        | Found a viscous altar of Jiyva.
    97 | D        | Found an ancient bone altar of Kikubaaqudgha.
    98 | D        | Found a corrupted altar of Lugonu.
    99 | D        | Found a burning altar of Makhleb.
   100 | D        | Found a sparkling altar of Nemelex Xobeh.
   101 | D        | Found an iron altar of Okawaru.
   102 | D        | Found a stormy altar of Qazlal.
   103 | D        | Found a sacrificial altar of Ru.
   104 | D        | Found a deep blue altar of Sif Muna.
   105 | D        | Found a bloodstained altar of Trog.
   106 | D        | Found a hide-covered altar of Uskayaw.
   107 | D        | Found a radiant altar of Vehumet.
   108 | D        | Found an ornate altar of the Wu Jian Council.
   109 | D        | Found a shimmering altar of Xom.
   110 | D        | Found a basalt altar of Yredelemnul.
   111 | D        | Found a glowing silver altar of Zin.
   112 | D        | Found a glowing golden altar of the Shining One.
   143 | D        | Got the +2 dire flail of Watchfulness {freeze, rC- MP+9
                  | Str-3 Dex+4}
   150 | D        | Noticed a centaur
   150 | D        | Noticed a killer bee
   150 | D        | Noticed a centaur
   160 | D        | Killed a centaur
   160 | D        | Reached **** piety under Trog
   160 | D        | Reached skill level 5 in Fighting
   160 | D        | Reached skill level 6 in Maces & Flails
   160 | D        | Reached XP level 4. HP: 50/50 MP: 3/3
   160 | D        | Reached XP level 5. HP: 57/57 MP: 3/4
   170 | D        | Killed a centaur
   170 | D        | Reached skill level 7 in Maces & Flails
   170 | D        | Reached XP level 6. HP: 68/68 MP: 4/5
   173 | D        | Reached ***** piety under Trog
   173 | D        | Reached skill level 5 in Dodging
   242 | D        | Noticed a queen bee
   242 | D        | Noticed a tengu warrior
   242 | D        | Noticed a tengu warrior
   242 | D        | Noticed an orc warrior
   251 | D        | Killed an orc warrior
   251 | D        | Reached skill level 8 in Maces & Flails
   263 | D        | Noticed a polar bear
   263 | D        | a queen bee changed into a polar bear
   265 | D        | Killed a tengu warrior
   265 | D        | Reached skill level 9 in Maces & Flails
   265 | D        | Reached XP level 7. HP: 67/83 MP: 6/6
   265 | D        | Reached XP level 8. HP: 75/92 MP: 7/7
   266 | D        | Noticed a raiju
   266 | D        | a polar bear changed into a raiju
   275 | D        | Killed a tengu warrior
   275 | D        | Reached skill level 10 in Maces & Flails
   477 | D        | Noticed a komodo dragon
   477 | D        | Noticed a spiny frog
   477 | D        | Noticed a komodo dragon
   479 | D        | Noticed a blink frog
   483 | D        | Killed a komodo dragon
   483 | D        | Reached skill level 10 in Fighting
   483 | D        | Reached skill level 11 in Maces & Flails
   486 | D        | Reached XP level 9. HP: 94/101 MP: 8/8
   486 | D        | Noticed a black mamba
   490 | D        | Killed a spiny frog
   492 | D        | Killed a komodo dragon
   492 | D        | Received a gift from Trog
   504 | D        | Killed a black mamba
   504 | D        | Reached skill level 12 in Maces & Flails
   609 | D        | Noticed a six-headed hydra
   623 | D        | Killed a six-headed hydra
   623 | D        | Received a gift from Trog
   623 | D        | Reached XP level 10. HP: 95/115 MP: 9/9
   714 | D        | Noticed a death yak
   714 | D        | Noticed a death yak
   714 | D        | Noticed a catoblepas
   714 | D        | Noticed a death yak
   714 | D        | Noticed a death yak
   716 | D        | Noticed a death yak
   722 | D        | Killed a death yak
   722 | D        | Reached skill level 13 in Maces & Flails
   726 | D        | Killed a death yak
   726 | D        | Received a gift from Trog
   759 | D        | Noticed a death yak
   763 | D        | Killed a catoblepas
   763 | D        | Reached skill level 1 in Throwing
   766 | D        | Killed a death yak
   770 | D        | Killed a death yak
   770 | D        | Reached skill level 14 in Maces & Flails
   778 | D        | Killed a death yak
   778 | D        | Reached XP level 11. HP: 84/127 MP: 10/10
   779 | D        | Killed a death yak
   866 | D        | Noticed Sonja
   879 | D        | Noticed Harold
  1105 | D        | Killed Harold
  1105 | D        | Reached skill level 10 in Dodging
  1184 | D        | Received a gift from Trog
  1199 | D        | Received a gift from Trog
  1208 | D        | Got an ichor-stained giant club {god gift}
  1209 | D        | Identified the +2 giant club "Cypn" {crush, rF+ Str-3
                  | Dex+2} (Trog gifted it to you in the Dungeon)
  1265 | D        | Noticed an orc high priest
  1265 | D        | Noticed an orc knight
  1271 | D        | Killed an orc knight
  1278 | D        | Noticed an ettin
  1279 | D        | Received a gift from Trog
  1280 | D        | Noticed an orc knight
  1282 | D        | Noticed an orc sorcerer
  1285 | D        | Killed an orc high priest
  1287 | D        | Killed an ettin
  1287 | D        | Received a gift from Trog
  1295 | D        | Killed an orc knight
  1295 | D        | Received a gift from Trog
  1295 | D        | Paralysed by an orc sorcerer for 4 turns
  1300 | D        | Killed an orc sorcerer
  1300 | D        | Reached skill level 5 in Throwing
  1308 | D        | Reached skill level 10 in Armour
  1385 | D        | Found Peggisas's Antique Weapon Boutique.
  1385 | D        | Noticed a two-headed ogre
  1385 | D        | Noticed a two-headed ogre
  1385 | D        | Noticed a two-headed ogre
  1387 | D        | Killed a two-headed ogre
  1387 | D        | Reached skill level 15 in Maces & Flails
  1389 | D        | Reached ****** piety under Trog
  1390 | D        | Found Qiovvat's Jewellery Shop.
  1391 | D        | Killed a two-headed ogre
  1391 | D        | Received a gift from Trog
  1394 | D        | Killed a two-headed ogre
  1397 | D        | Found Vaf Taonu's Gadget Boutique.
  1403 | D        | Found Woawuwn's Antique Armour Shop.
  1433 | D        | Noticed a two-headed ogre
  1433 | D        | Noticed a two-headed ogre
  1435 | D        | Noticed a two-headed ogre
  1440 | D        | Killed a two-headed ogre
  1443 | D        | Killed a two-headed ogre
  1443 | D        | Reached XP level 12. HP: 76/140 MP: 3/11
  1447 | D        | Killed a two-headed ogre
  1638 | D        | Noticed Joseph
  1649 | D        | Killed Joseph
  1737 | D        | Received a gift from Trog
  1744 | D        | Noticed a deep troll earth mage
  1746 | D        | Reached skill level 1 in Evocations
  1757 | D        | Noticed an ogre mage
  1759 | D        | Received a gift from Trog
  1764 | D        | Reached skill level 16 in Maces & Flails
  1767 | D        | Killed a deep troll earth mage
  1771 | D        | Killed an ogre mage
  1771 | D        | Received a gift from Trog
  1771 | D        | Reached skill level 15 in Fighting
  1785 | D        | Received a gift from Trog
  1787 | D        | Noticed a fire dragon
  1795 | D        | Killed a fire dragon
  1833 | D        | Got an iridescent giant club {god gift}
  1834 | D        | Identified the +10 giant club of Insomnia {crush, Dex+2}
                  | (Trog gifted it to you in the Dungeon)
  1950 | D        | Noticed Urug
  1952 | D        | Noticed Snorg
  1956 | D        | Killed Urug
  1956 | D        | Received a gift from Trog
  1960 | D        | Killed Snorg
  2051 | D        | Noticed a merfolk impaler
  2051 | D        | Noticed a satyr
  2051 | D        | Noticed a merfolk impaler
  2051 | D        | Noticed a merfolk javelineer
  2057 | D        | HP: 4/143 [merfolk impaler/trident (13)]
  2062 | D        | HP: 1/143 [merfolk impaler/trident (12)]
  2071 | D        | Killed a merfolk javelineer
  2071 | D        | Received a gift from Trog
  2093 | D        | Killed a merfolk impaler
  2095 | D        | Killed a satyr
  2121 | D        | Killed a merfolk impaler
  2121 | D        | Received a gift from Trog
  2340 | D        | Noticed a merfolk avatar
  2345 | D        | Killed a merfolk avatar
  2345 | D        | Received a gift from Trog
  2345 | D        | Reached skill level 17 in Maces & Flails
  2345 | D        | Reached XP level 13. HP: 133/152 MP: 13/15
  2553 | D        | Received a gift from Trog
  2644 | D        | Noticed an entropy weaver
  2650 | D        | Received a gift from Trog
  2668 | D        | Killed an entropy weaver
  2668 | D        | Received a gift from Trog
  2673 | D        | Reached skill level 5 in Evocations
  2784 | D        | Received a gift from Trog
  2908 | D        | Noticed Frances
  2920 | D        | Killed Frances
  2920 | D        | Received a gift from Trog
  2920 | D        | Reached skill level 18 in Maces & Flails
  3026 | D        | Noticed an iron dragon
  3026 | D        | Noticed an ettin
  3026 | D        | Noticed a fire dragon
  3027 | D        | Noticed a fire dragon
  3030 | D        | Noticed a frost giant
  3039 | D        | Killed a fire dragon
  3045 | D        | Killed an iron dragon
  3045 | D        | Reached skill level 10 in Throwing
  3049 | D        | Killed an ettin
  3049 | D        | Received a gift from Trog
  3049 | D        | Noticed a frost giant
  3055 | D        | Killed a fire dragon
  3073 | D        | HP: 1/156 [frost giant/bolt of cold (34)]
  3320 | D        | Killed a frost giant
  3362 | D        | Received a gift from Trog
  3430 | D        | Killed a frost giant
  3430 | D        | Received a gift from Trog
  3443 | D        | Reached XP level 14. HP: 147/166 MP: 16/18
  3449 | D        | Received a gift from Trog
  3467 | D        | Received a gift from Trog
  3504 | D        | Noticed a stone giant
  3611 | D        | Killed a stone giant
  3723 | D        | Noticed an ironheart preserver
  3728 | D        | Killed an ironheart preserver
  3731 | D        | Received a gift from Trog
  3731 | D        | Reached skill level 19 in Maces & Flails
  3745 | D        | Got a crude giant spiked club {god gift}
  3746 | D        | Identified the +5 giant spiked club of Joyful Slaughter
                  | {flame, rElec rF- rN+} (Trog gifted it to you in the
                  | Dungeon)
  3746 | D        | Noticed an ironheart preserver
  3752 | D        | Noticed a sphinx
  3753 | D        | Received a gift from Trog
  3756 | D        | Noticed a sphinx
  3760 | D        | Killed an ironheart preserver
  3775 | D        | Killed a sphinx
  3777 | D        | Noticed a stone giant
  3798 | D        | Killed a sphinx
  3798 | D        | Received a gift from Trog
  3798 | D        | Received a gift from Trog
  3812 | D        | Slain by an orc knight

Vault maps used:
D:        linesprint

Skill      XL: |  1  2  3  4  5  6  7  8  9 10 11 12 13 14 |
---------------+-------------------------------------------+-----
Maces & Flails | 3 4 6 7 9 11 12 14 15 17 18 19 | 19.3
Fighting       | 3 5 6 9 10 11 13 14 15 17 18 | 18.0
Armour         | 1 3 4 6 8 9 10 11 12 13 | 13.2
Dodging        | 3 4 6 7 8 9 10 11 13 | 13.5
Throwing       | 3 6 8 10 11 | 11.3
Evocations     | 4 6 7 |  7.7

Action                   |  1- 3 |  4- 6 |  7- 9 | 10-12 | 13-15 || total
-------------------------+-------+-------+-------+-------+-------++-------
Melee: Mace              |    39 |       |       |       |       ||    39
       Dire flail        |     6 |    29 |    45 |    46 |       ||   126
       Giant club        |       |       |       |    42 |   145 ||   187
       Giant spiked club |       |       |       |    64 |     7 ||    71
Throw: Throwing net      |       |       |       |     5 |       ||     5
       Large rock        |       |       |       |    22 |    35 ||    57
       Javelin           |       |       |       |     1 |       ||     1
Invok: Berserk           |     1 |     1 |     2 |    10 |     9 ||    23
       Brothers in Arms  |       |       |     1 |    10 |    12 ||    23
 Abil: Evoke Invisibilit |       |       |       |       |     1 ||     1
  Use: Potion            |     2 |       |       |     7 |     5 ||    14
       Scroll            |       |       |       |     5 |     4 ||     9
 Stab: Sleeping          |     1 |       |       |       |       ||     1
       Held in net/web   |       |       |       |     4 |       ||     4
  Eat: Chunk             |     4 |     5 |     5 |    29 |    19 ||    62
Armor: Animal skin       |    16 |     6 |     9 |    37 |     5 ||    73
       Swamp dragon scal |       |       |       |       |    52 ||    52
Dodge: Dodged            |    21 |    15 |    13 |    98 |   106 ||   253

Table legend:
 A = Non-vault XP
 B = Vault XP
 C = Vault XP percentage of total XP
 D = Non-vault monster count
 E = Vault monster count
 F = Vault count percentage of total count
                 A         B        C        D         E       F
            +---------+---------+-------+---------+---------+-------
      Total |     156 |   79395 |  99.8 |       1 |     173 |  99.4
            +---------+---------+-------+---------+---------+-------
          D |     156 |   79395 |  99.8 |       1 |     173 |  99.4
            +---------+---------+-------+---------+---------+-------
